 Dungeon Crawl Stone Soup version 0.28.0-53-g5a82cb258f (webtiles) character file.

Game seed: 10354932045008863239

43 CryoSword the Cudgeller (level 3, -4/23 HPs)
             Began as a Gargoyle Fighter on May 25, 2022.
             Killed from afar by an orc wizard (8 damage)
             ... with a magic dart
             ... on level 2 of the Dungeon.
             The game lasted 00:02:12 (1264 turns).

CryoSword the Cudgeller (Gargoyle Fighter)          Turns: 1264, Time: 00:02:12

Health: -4/23      AC: 10    Str: 19    XL:     3   Next: 58%
Magic:  3/3        EV:  9    Int: 16    God:
Gold:   25         SH:  4    Dex:  9    Spells: 2/2 levels left

rFire   . . .      SeeInvis .   a - +0 flail
rCold   + . .      Faith    .   c - +0 buckler
rNeg    + . .      Spirit   .   b - +0 scale mail
rPois   ∞          Reflect  .   (no helmet)
rElec   +          Harm     .   (no cloak)
rCorr   .          Rampage  .   (no gloves)
Will    .....                   (no boots)
Stlth   ..........              (no amulet)
HPRegen 0.07/turn               f - +6 ring of intelligence
MPRegen 0.08/turn               j - ring of protection from cold

@: no status effects
A: sickness immunity, AC +3, negative energy resistance 1, electricity
resistance, torment resistance 1, petrification resistance
a: no special abilities


You were on level 2 of the Dungeon.
You visited 1 branch of the dungeon, and saw 2 of its levels.

You collected 25 gold pieces.

Inventory:

Hand Weapons
 a - a +0 flail (weapon)
Armour
 b - a +0 scale mail (worn)
 c - a +0 buckler (worn)
Jewellery
 f - a +6 ring of intelligence (left hand)
   (You found it on level 1 of the Dungeon)
 j - a ring of protection from cold (right hand)
   (You found it on level 2 of the Dungeon)
Scrolls
 e - a scroll of brand weapon {unknown}
Potions
 d - a potion of might
 g - a potion of ambrosia {unknown}
 h - a potion of lignification {unknown}
 i - a potion of curing {unknown}


   Skills:
 - Level 3.2 Fighting
 * Level 3.6 Maces & Flails
 - Level 3.2 Armour
 + Level 3.5 Shields


You had 2 spell levels left.
You didn't know any spells.
Your spell library contained the following spells:

 Spells                   Type           Power      Damage    Failure   Level
 Dazzling Flash           Conj/Hex       0%         N/A       96%         3
 Gell's Gravitas          Tloc           0%         N/A       96%         3
 Teleport Other           Tloc           0%         N/A       96%         3
 Cause Fear               Hex            0%         N/A       100%        4
 Agony                    Necr           0%         N/A       100%        5
 Silence                  Hex/Air        0%         N/A       100%        5
 Dispersal                Tloc           0%         N/A       100%        6
 Dragon Form              Tmut           0%         N/A       100%        7
 Dragon's Call            Summ           0%         N/A       100%        9


Dungeon Overview and Level Annotations

Branches:
Dungeon (2/15)

Altars:


Innate Abilities, Weirdness & Mutations

You are immune to sickness and miasma.
Your stone body is resilient. (AC +3)
You are immune to poison.
You resist negative energy. (rN+)
You are resistant to electric shocks. (rElec)
You are resistant to unholy torment.
You are immune to petrification.


Message History

You barely miss the adder. The adder closely misses you.
You block the adder's attack.
You hit the adder. The adder barely misses you.
You closely miss the adder. The adder barely misses you.
The adder closely misses you.
You barely miss the adder. The adder closely misses you.
You miss the adder. The adder bites you but does no damage.
You block the adder's attack.
You sock the adder!
You kill the adder!
No target in view!
A bat comes into view.
The bat moves out of view.
A bat is nearby!
Found a sedimented purple potion.
You see here a rat corpse.
The bat hits you but does no damage.
You closely miss the bat. The bat barely misses you.
You closely miss the bat. The bat barely misses you.
You miss the bat. The bat closely misses you. The bat closely misses you.
The bat hits you but does no damage. x2
The bat barely misses you. The bat closely misses you.
You miss the bat. The bat hits you but does no damage.
You closely miss the bat. The bat hits you but does no damage.
You hit the bat but do no damage. The bat hits you but does no damage. x2
The bat hits you but does no damage. The bat hits you but does no damage.
The bat hits you.
You hit the bat. The bat closely misses you. The bat barely misses you.
You barely miss the bat. You block the bat's attack.
You block the bat's attack.
You barely miss the bat. The bat closely misses you.
The bat hits you but does no damage.
You barely miss the bat. You block the bat's attack.
The bat hits you but does no damage.
You hit the bat.
You kill the bat!
No target in view!
No target in view!
No target in view!
No target in view!
No target in view!
No target in view!
No target in view!
No target in view!
No target in view!
No target in view!
No target in view!
i - a sedimented purple potion
There is an escape hatch in the floor here.
You see here an adder corpse.
j - a ring of protection from cold An orc and a ball python come into view.
The ball python hisses angrily.
j - a ring of protection from cold (right hand)
The ball python bites you but does no damage.
The ball python barely misses you.
You hit the ball python.
You kill the ball python!
No target in view!
No target in view!
No target in view!
No target in view!
No target in view!
No target in view!
No target in view!
No target in view!
No target in view!
No target in view!
No target in view!
No target in view!
The orc barely misses you.
An orc is nearby!
You thump the orc!
You kill the orc!
No target in view!
Things that are here:
a +0 hand axe; an orc corpse An orc wizard and an orc come into view.
Found 9 gold pieces.
The orc wizard mumbles some strange words.
The orc wizard flickers and vanishes!
Deactivating autopickup; reactivate with Ctrl-A.
An orc is nearby!
An orc is nearby!
An orc comes into view. It is wielding a +0 mace.
The orc shouts!
You hear a shout!
A jackal comes into view.
The jackal barks!
You hear a shout!
You hear a bark!
A jackal comes into view.
The jackal barks!
An orc comes into view. It is wielding a +0 hand axe.
You barely miss the orc. The orc hits you but does no damage.
A rat comes into view.
You closely miss something. Something hits you but does no damage.
A jackal comes into view.
You miss something.
The jackal barks!
Something hits you but does no damage.
You closely miss something.
You hear some strange, mumbled words.
A magic dart appears from out of thin air!
The magic dart hits you but does no damage.
Something hits you but does no damage.
You sock something! You hit the jackal.
You kill the jackal!
Something hits you but does no damage.
You barely miss the orc. The orc hits you but does no damage.
Something hits you.
You hit the orc but do no damage. The orc hits you but does no damage.
You block something's attack. The orc hits you but does no damage.
Something hits you but does no damage.
You barely miss the orc.
You hear some strange, mumbled words.
A puff of flame appears from out of thin air!
The puff of flame hits you. The orc barely misses you.
You sock the orc!
You kill the orc!
You hear some strange, mumbled words.
A magic dart appears from out of thin air!
The magic dart hits you.
You are too injured to fight recklessly!
You are too injured to fight recklessly!
You are too injured to fight recklessly!
You are too injured to fight recklessly!
You are too injured to fight recklessly!
You are too injured to fight recklessly!
You are too injured to fight recklessly!
You are too injured to fight recklessly!
You are too injured to fight recklessly!
You are too injured to fight recklessly!
You hear some strange, mumbled words.
A puff of flame appears from out of thin air!
The puff of flame hits you.
The jackal bites you but does no damage.
You thump the jackal!
You kill the jackal!
You hear some strange, mumbled words.
A magic dart appears from out of thin air!
The magic dart hits you!
* * * LOW HITPOINT WARNING * * *
You miss something. Something hits you but does no damage.
You hear some strange, mumbled words.
Something tries to affect you, but you resist.
You hear some strange, mumbled words.
Something tries to affect you, but you resist.
A magic dart appears from out of thin air!
The magic dart hits you!
You die...

#.# #.# #.# #.# #.# #####.#
#.# #...#.# #.# #...#.# #.#
############...#.####.#
................@..##o#######
......†..........)..{ohr.....
######†..#######.#.####.#$###
#........##.#.# #
#........##.#.#
######>.......##.#..
#.............##.##.
#.............##.# ..
#.............##.# #.


You could see an orc, a jackal and a rat.

Vanquished Creatures
  An adder (D:2)
  2 orcs (D:2)
  An endoplasm (D:1)
  A giant cockroach (D:1)
  4 hobgoblins (D:1)
  6 jackals
  4 ball pythons
  A bat (D:2)
  A frilled lizard (D:1)
  4 goblins (D:1)
  2 kobolds (D:1)
  2 rats
29 creatures vanquished.

Notes
Turn   | Place    | Note
-------+----------+-------------------------------------------
     0 | D:1      | CryoSword the Gargoyle Fighter began the quest for the Orb.
     0 | D:1      | Reached XP level 1. HP: 14/14 MP: 1/1
   347 | D:1      | Reached XP level 2. HP: 19/19 MP: 2/2
   860 | D:1      | Reached XP level 3. HP: 23/23 MP: 3/3
  1264 | D:2      | Killed from afar by an orc wizard

Illustrated notes

Levels and vault maps discovered:
D:1:      dpeg_arrival_signposts, layout_loops_cross, serial_park_tiny_pond
D:2:      layout_basic

Skill      XL: |  1  2 |
---------------+-------+-----
Maces & Flails | 3 |  3.6
Fighting       | |  3.2
Armour         | |  3.2
Shields        | |  3.5

Action                   || total
-------------------------++-------
Melee: Flail             ||    99
Armor: Scale mail        ||    55
Dodge: Dodged            ||    44
Block: Buckler           ||    23
